 Dungeon Crawl Stone Soup version 0.15.0-18-g9076a4f (console) character file.

110 jw the Skirmisher (level 4, 0/41 HPs)
             Began as a Minotaur Berserker on Sept 6, 2014.
             Was a Believer of Trog.
             Slain by a gnoll
             ... wielding a +0 halberd
              (6 damage)
             ... on Level 3 of the Dungeon.
             The game lasted 00:01:12 (2308 turns).

jw the Skirmisher (Minotaur Berserker)              Turns: 2308, Time: 00:01:12

HP   0/41        AC  5     Str 21      XL: 4   Next: 61%
MP   2/2         EV 10     Int  4      God: Trog [**....]
Gold 0           SH  0     Dex 10 (11) Spells:  0 memorised,  3 levels left

rFire  . . .     SeeInvis .     h - +0 mace
rCold  . . .     Clarity  .     g - +0 ring mail
rNeg   . . .     rCorr    .     (no shield)
rPois  .         rRot     .     (helmet restricted)
rElec  .         Spirit   .     (no cloak)
SustAb .         Warding  .     (no gloves)
rMut   .         Stasis   .     (no boots)
Gourm  .                        (no amulet)
MR     ++...                    (no ring)
                                (no ring)

@: regenerating, very resistant to hostile enchantments, extremely unstealthy
A: retaliatory headbutt, horns 2
a: Burn Spellbooks, Berserk, Trog's Hand, Renounce Religion


You were on level 3 of the Dungeon.
You worshipped Trog.
Trog was pleased with you.
You were hungry.

You visited 1 branch of the dungeon, and saw 3 of its levels.

Inventory:

Hand weapons
 h - a +0 mace (weapon)
Missiles
 l - 29 stones (quivered)
Armour
 g - a +0 ring mail (worn)
Comestibles
 c - 2 bread rations
 j - 2 meat rations
 k - a slice of pizza
Scrolls
 b - a scroll of noise {unknown}
 d - a scroll of remove curse
 f - a scroll of identify


   Skills:
 + Level 4.5 Fighting
   Level 3.9(4.1) Axes
 * Level 1.2(2.7) Maces & Flails
 + Level 1.8 Throwing
 + Level 3.9 Armour
 - Level 2.1 Dodging


You had 3 spell levels left.
You didn't know any spells.

Dungeon Overview and Level Annotations

Branches:
Dungeon (3/15)

Altars:


Innate Abilities, Weirdness & Mutations

You reflexively headbutt those who attack you in melee.
You have a pair of horns on your head.


Message History

ATTACK MOVE TO (-1,-1)
You closely miss the gnoll. Your headbutt misses the gnoll.
The gnoll is moderately wounded.
The gnoll closely misses you.
ATTACK MOVE TO (-1,-1)
You hit the gnoll.
The gnoll is moderately wounded.
The gnoll hits you with a halberd! The gnoll hits you but does no damage.
The adder bites you but does no damage.
Use which ability? (? or * to list)
Your skin crawls.
You feel resistant to hostile enchantments.
You are feeling hungry.
The gnoll closely misses you. You furiously retaliate!
You headbutt the gnoll. The gnoll hits you with a spear.
The adder bites you but does no damage.
ATTACK MOVE TO (-1,-1)
You hit the gnoll. Your headbutt misses the gnoll.
The gnoll is almost dead.
The gnoll closely misses you. The gnoll hits you with a halberd.
You die...

.### ...# ## ...
.# .# #.. <####.
...##..##
...............gg#
.####.###.#.##.SH#
.# .(.......# ##
....!....### ## #
.##.####...# .###
..... ###.# ...#
..... #.# .#.#
.....# #.# ##.#
..(..# #.# ##.#
.....# #.#


You could see 2 gnolls and an adder.

Table legend:
 A = Turns spent in this place as a percentage of turns spent in the entire game.
 B = Non-inter-level travel turns spent in this place as a percentage of non-inter-level travel turns spent in the entire game.
 C = Inter-level travel turns spent in this place as a percentage of turns spent in this place.
 D = Turns resting spent in this place as a percentage of non-inter-level travel turns spent in this place.
 E = Turns spent auto-exploring this place as a percentage of non-inter-level travel turns spent in this place.
 F = Non-inter-level travel turns spent in this place divided by the number of levels of this place that you've seen.
                   A       B       C       D       E      F
               +-------+-------+-------+-------+-------+----------------------
         Total | 100.0 | 100.0 |   0.8 |   6.0 |  17.9 | 205.0
       Dungeon | 100.0 | 100.0 |   0.8 |   6.0 |  17.9 | 205.0
               +-------+-------+-------+-------+-------+----------------------

Table legend:
 A = Kills in this place as a percentage of kills in entire the game.
 B = Kills by you in this place as a percentage of kills by you in the entire game.
 C = Kills by friends in this place as a percentage of kills by friends in the entire game.
 D = Other kills in this place as a percentage of other kills in the entire game.
 E = Experience gained in this place as a percentage of experience gained in the entire game.
 F = Experience gained in this place divided by the number of levels of this place that you have seen.
                   A       B       C       D       E      F
               +-------+-------+-------+-------+-------+----------------------
         Total | 100.0 | 100.0 |  -nan |  -nan | 100.0 |  52.7
       Dungeon | 100.0 | 100.0 |  -nan |  -nan | 100.0 |  52.7
               +-------+-------+-------+-------+-------+----------------------

Vanquished Creatures
  Ijyb (D:2)
  A gnoll (D:3)
  2 adders (D:2)
  A giant mite (D:2)
  2 worms (D:2)
  An ooze (D:1)
  9 bats
  3 giant cockroaches
  8 hobgoblins
  7 kobolds
  3 giant newts
  4 goblins
  6 rats
48 creatures vanquished.

Notes
Turn   | Place    | Note
--------------------------------------------------------------
     0 | D:1      | jw, the Minotaur Berserker, began the quest for the Orb.
     0 | D:1      | Reached XP level 1. HP: 19/19 MP: 1/1
   345 | D:1      | Reached XP level 2. HP: 27/27 MP: 1/1
   368 | D:1      | Reached skill level 1 in Throwing
   753 | D:1      | Reached skill level 4 in Fighting
   950 | D:2      | Noticed Ijyb
   952 | D:2      | Reached XP level 3. HP: 33/33 MP: 2/2
   964 | D:2      | Killed Ijyb
   964 | D:2      | Acquired Trog's second power
  1244 | D:2      | Reached XP level 4. HP: 36/40 MP: 2/2
  1846 | D:2      | Reached skill level 1 in Maces & Flails
  2308 | D:3      | Slain by a gnoll

Action                   |  1- 3 |  4- 6 || total
-------------------------+-------+-------++-------
Melee: Hand axe          |    58 |       ||    58
       Whip              |     4 |    23 ||    27
       Mace              |       |    25 ||    25
Throw: Stone             |    14 |    78 ||    92
Invok: Berserk           |     1 |       ||     1
       Trog's Hand       |       |     1 ||     1
  Use: Scroll            |     6 |     2 ||     8
       Potion            |     3 |     2 ||     5
  Eat: Chunk             |     2 |     3 ||     5

Vault maps used:
D:1:      dpeg_arrival_sounds_slurp, st_stairs_5, hex_tiny
D:2:      first_bread, st_stairs_3, uniq_iyjb
D:3:      vehumet_crystals
